 Dungeon Crawl Stone Soup version 0.17.1-1-g73c8601 (webtiles) character file.

44 Aarh the Stinger (level 3, -3/25 HPs)
             Began as a Merfolk Venom Mage on Jan 9, 2016.
             Killed from afar by an orc wizard (10 damage)
             ... with a puff of flame
             ... on level 3 of the Dungeon.
             The game lasted 00:17:25 (2132 turns).

Aarh the Stinger (Merfolk Venom Mage)               Turns: 2132, Time: 00:17:25

Health: -3/25      AC:  5    Str:  8    XL:     3   Next: 60%
Magic:  4/6        EV: 11    Int: 15    God:
Gold:   69         SH:  0    Dex: 14    Spells: 3 memorised, 0 levels left

rFire  . . .     SeeInvis .     h - +0 dagger
rCold  . . .     Clarity  .     i - +0 ring mail
rNeg   . . .     SustAt   .     (no shield)
rPois  .         Gourm    .     (no helmet)
rElec  .         Spirit   .     (no cloak)
rCorr  .         Warding  .     (no gloves)
rMut   .         Stasis   .     (no boots)
MR     .....                    (no amulet)
Stlth  ++........               (no ring)
                                l - ring of wizardry

@: not resistant to hostile enchantments, unstealthy
A: change form in water, swift swim
a: no special abilities


You were on level 3 of the Dungeon.
You were not hungry.

You visited 1 branch of the dungeon, and saw 3 of its levels.

You collected 69 gold pieces.

Inventory:

Hand Weapons
 g - a +0 club
   (You took it off a kobold on level 1 of the Dungeon)
 h - a +0 dagger (weapon)
   (You found it on level 1 of the Dungeon)
 k - a +0 short sword
   (You took it off a kobold on level 1 of the Dungeon)
 m - a +0 dagger
   (You took it off a goblin on level 1 of the Dungeon)
Missiles
 e - 46 stones (quivered)
 j - 25 sling bullets
Armour
 a - a +0 robe
 i - a +0 ring mail (worn)
   (You found it on level 1 of the Dungeon)
Jewellery
 l - a ring of wizardry (left hand)
   (You found it on level 3 of the Dungeon)
Scrolls
 p - a scroll of remove curse
Potions
 f - 2 potions of curing
 n - a potion of berserk rage {unknown}
 r - 2 potions of flight {unknown}
Books
 b - a Young Poisoner's Handbook
 d - a book of the Dragon
   (You found it on level 2 of the Dungeon)
Comestibles
 c - 3 bread rations
 q - a meat ration


   Skills:
 * Level 0.7 Fighting
 + Level 0.2 Armour
 * Level 3.2 Dodging
 * Level 2.7 Stealth
 * Level 2.1 Spellcasting
 * Level 0.4 Conjurations
 * Level 0.1 Air Magic
 * Level 4.8 Poison Magic


You couldn't memorise any spells.
You knew the following spells:

 Your Spells              Type           Power        Failure   Level  Hunger
a - Sting                 Conj/Pois      #...         10%         1    #......
b - Cure Poison           Pois           ###.......   7%          2    ###....
c - Mephitic Cloud        Conj/Pois/Air  #.......     61%         3    ###....


Dungeon Overview and Level Annotations

Branches:
Dungeon (3/15)

Altars:

Annotations:
D:2 Sigmund


Message History

You open the door.
Found a stone staircase leading down.
There is an open door here.
There is a stone staircase leading down here.
Put on which piece of jewellery? (? for menu, Esc to quit)
l - a ring of wizardry (left hand)
A jackal comes into view.
Found a red potion.
n - a red potion Drink which item? (? for menu, Esc to quit)
Okay, then.
Read which item? (? for menu, Esc to quit)
Okay, then.
Okay, then.
All of the chunks of flesh in your inventory have rotted away.
Casting: Sting
Confirm with . or Enter, or press ? or * to list all spells.
Okay, then. 2 orcs and an orc wizard come into view.
The orc wizard shouts!
An orc comes into view. It is wielding a hand axe.
An orc comes into view.
The orc shouts! x2
Casting: Sting
Confirm with . or Enter, or press ? or * to list all spells.
Aiming: Sting
Press: ? - help, Shift-Dir - straight line, f - orc wizard
Aim: an orc wizard, wielding a dagger of electrocution and wearing a robe The sting hits the orc wizard.
The orc wizard appears unharmed.
The orc shouts!
The orc wizard closely misses you.
Casting: Sting
Confirm with . or Enter, or press ? or * to list all spells.
Aiming: Sting
Press: ? - help, Shift-Dir - straight line, f/p - orc wizard
Aim: an orc wizard, wielding a dagger of electrocution and wearing a robe The sting hits the orc wizard.
The orc wizard is poisoned.
The orc wizard is lightly wounded.
The orc wizard hits you with a dagger of electrocution.
You are electrocuted!
You closely miss the orc wizard.
The orc wizard is moderately wounded.
The orc wizard hits you with a dagger of electrocution.
You hit the orc wizard.
The orc wizard is moderately wounded.
The orc wizard hits you with a dagger of electrocution.
* * * LOW HITPOINT WARNING * * *
The orc wizard points at you and mumbles some strange words.
The puff of flame hits you!
You die...

###.# #.# #.# #.#
#.# #o# #.# #.#
#.# #o# #.# #o#
#.# #o#
#.##############o#
#.............@..#
#.################
###


You could see an orc wizard.

Vanquished Creatures
  Monster Symbol All 'J'
  An ooze (D:2)
1 creature vanquished. All 'K' 5 kobolds (D:1 D:2)
5 creatures vanquished. All 'b' 3 bats (D:1)
3 creatures vanquished. All 'g' 6 goblins (D:1 D:3) 8 hobgoblins (D:1 D:2 D:3)
14 creatures vanquished. All 'l' 2 giant newts (D:1 D:2)
2 creatures vanquished. All 'r' 2 quokkas (D:2) 8 rats (D:1 D:2)
10 creatures vanquished. All 's' 4 giant cockroaches (D:1 D:2)
4 creatures vanquished.
39 creatures vanquished. Monster Nature Natural Monsters An ooze (D:2) 4 giant cockroaches (D:1 D:2) 6 goblins (D:1 D:3) 8 hobgoblins (D:1 D:2 D:3) 2 quokkas (D:2) 3 bats (D:1) 2 giant newts (D:1 D:2) 5 kobolds (D:1 D:2) 8 rats (D:1 D:2)
39 creatures vanquished.
39 creatures vanquished. Ascending Order An ooze (D:2) 2 quokkas (D:2) 2 giant newts (D:1 D:2) 3 bats (D:1) 4 giant cockroaches (D:1 D:2) 5 kobolds (D:1 D:2) 6 goblins (D:1 D:3) 8 hobgoblins (D:1 D:2 D:3) 8 rats (D:1 D:2)
39 creatures vanquished.

Notes
Turn   | Place    | Note
--------------------------------------------------------------
     0 | D:1      | Aarh the Merfolk Venom Mage began the quest for the Orb.
     0 | D:1      | Reached XP level 1. HP: 13/13 MP: 3/3
   683 | D:1      | Reached XP level 2. HP: 19/19 MP: 3/5
   687 | D:1      | Learned a level 2 spell: Cure Poison
   888 | D:1      | Reached skill level 3 in Dodging
  1385 | D:1      | Reached XP level 3. HP: 24/24 MP: 3/6
  1419 | D:2      | Noticed Sigmund
  1599 | D:2      | Learned a level 3 spell: Mephitic Cloud
  2132 | D:3      | Killed from afar by an orc wizard

Action                   || total
-------------------------++-------
Melee: Dagger            ||   125
       Unarmed           ||     1
 Cast: Sting             ||    42
  Use: Scroll            ||     6
 Stab: Sleeping          ||     3
  Eat: Chunk             ||     5
Dungeon Crawl Stone Soup version 0.17.1-1-g73c8601 (webtiles) character file. 44 Aarh the Stinger (level 3, -3/25 HPs) Began as a Merfolk Venom Mage on Jan 9, 2016. Killed from afar by an orc wizard (10 damage) ... with a puff of flame ... on level 3 of the Dungeon. The game lasted 00:17:25 (2132 turns). Aarh the Stinger (Merfolk Venom Mage) Turns: 2132, Time: 00:17:25 Health: -3/25 AC: 5 Str: 8 XL: 3 Next: 60% Magic: 4/6 EV: 11 Int: 15 God: Gold: 69 SH: 0 Dex: 14 Spells: 3 memorised, 0 levels left rFire . . . SeeInvis . h - +0 dagger rCold . . . Clarity . i - +0 ring mail rNeg . . . SustAt . (no shield) rPois . Gourm . (no helmet) rElec . Spirit . (no cloak) rCorr . Warding . (no gloves) rMut . Stasis . (no boots) MR ..... (no amulet) Stlth ++........ (no ring) l - ring of wizardry @: not resistant to hostile enchantments, unstealthy A: change form in water, swift swim a: no special abilities Skills: * Level 0.7 Fighting + Level 0.2 Armour * Level 3.2 Dodging * Level 2.7 Stealth * Level 2.1 Spellcasting * Level 0.4 Conjurations * Level 0.1 Air Magic * Level 4.8 Poison Magic You couldn't memorise any spells. You knew the following spells: Your Spells Type Power Failure Level Hunger a - Sting Conj/Pois #... 10% 1 #...... b - Cure Poison Pois ###....... 7% 2 ###.... c - Mephitic Cloud Conj/Pois/Air #....... 61% 3 ###.... You were on level 3 of the Dungeon. You were not hungry. You visited 1 branch of the dungeon, and saw 3 of its levels. You collected 69 gold pieces. You could see an orc wizard. Message History You open the door. Found a stone staircase leading down. There is an open door here. There is a stone staircase leading down here. Put on which piece of jewellery? (? for menu, Esc to quit) l - a ring of wizardry (left hand) A jackal comes into view. Found a red potion. n - a red potion Drink which item? (? for menu, Esc to quit) Okay, then. Read which item? (? for menu, Esc to quit) Okay, then. Okay, then. All of the chunks of flesh in your inventory have rotted away. Casting: Sting Confirm with . or Enter, or press ? or * to list all spells. Okay, then. 2 orcs and an orc wizard come into view. The orc wizard shouts! An orc comes into view. It is wielding a hand axe. An orc comes into view. The orc shouts! x2 Casting: Sting Confirm with . or Enter, or press ? or * to list all spells. Aiming: Sting Press: ? - help, Shift-Dir - straight line, f - orc wizard Aim: an orc wizard, wielding a dagger of electrocution and wearing a robe The sting hits the orc wizard. The orc wizard appears unharmed. The orc shouts! The orc wizard closely misses you. Casting: Sting Confirm with . or Enter, or press ? or * to list all spells. Aiming: Sting Press: ? - help, Shift-Dir - straight line, f/p - orc wizard Aim: an orc wizard, wielding a dagger of electrocution and wearing a robe The sting hits the orc wizard. The orc wizard is poisoned. The orc wizard is lightly wounded. The orc wizard hits you with a dagger of electrocution. You are electrocuted! You closely miss the orc wizard. The orc wizard is moderately wounded. The orc wizard hits you with a dagger of electrocution. You hit the orc wizard. The orc wizard is moderately wounded. The orc wizard hits you with a dagger of electrocution. * * * LOW HITPOINT WARNING * * * The orc wizard points at you and mumbles some strange words. The puff of flame hits you! You die...

Action                   || total
-------------------------++-------
Melee: Dagger            ||   125
       Unarmed           ||     1
 Cast: Sting             ||    42
  Use: Scroll            ||     6
 Stab: Sleeping          ||     3
  Eat: Chunk             ||     5
Notes Turn | Place | Note -------------------------------------------------------------- 0 | D:1 | Aarh the Merfolk Venom Mage began the quest for the Orb. 0 | D:1 | Reached XP level 1. HP: 13/13 MP: 3/3 683 | D:1 | Reached XP level 2. HP: 19/19 MP: 3/5 687 | D:1 | Learned a level 2 spell: Cure Poison 888 | D:1 | Reached skill level 3 in Dodging 1385 | D:1 | Reached XP level 3. HP: 24/24 MP: 3/6 1419 | D:2 | Noticed Sigmund 1599 | D:2 | Learned a level 3 spell: Mephitic Cloud 2132 | D:3 | Killed from afar by an orc wizard

Table legend:
 A = Turns spent in this place as a percentage of turns spent in the entire game.
 B = Non-inter-level travel turns spent in this place as a percentage of non-inter-level travel turns spent in the entire game.
 C = Inter-level travel turns spent in this place as a percentage of turns spent in this place.
 D = Turns resting spent in this place as a percentage of non-inter-level travel turns spent in this place.
 E = Turns spent auto-exploring this place as a percentage of non-inter-level travel turns spent in this place.
 F = Non-inter-level travel turns spent in this place divided by the number of levels of this place that you've seen.
                   A       B       C       D       E      F
               +-------+-------+-------+-------+-------+----------------------
         Total | 100.0 | 100.0 |   0.0 |   5.9 |   2.4 | 335.3
       Dungeon | 100.0 | 100.0 |   0.0 |   5.9 |   2.4 | 335.3
               +-------+-------+-------+-------+-------+----------------------

Table legend:
 A = Kills in this place as a percentage of kills in entire the game.
 B = Kills by you in this place as a percentage of kills by you in the entire game.
 C = Kills by friends in this place as a percentage of kills by friends in the entire game.
 D = Other kills in this place as a percentage of other kills in the entire game.
 E = Experience gained in this place as a percentage of experience gained in the entire game.
 F = Experience gained in this place divided by the number of levels of this place that you have seen.
                   A       B       C       D       E      F
               +-------+-------+-------+-------+-------+----------------------
         Total | 100.0 | 100.0 |  -nan |  -nan | 100.0 |  21.0
       Dungeon | 100.0 | 100.0 |  -nan |  -nan | 100.0 |  21.0
               +-------+-------+-------+-------+-------+----------------------

Vault maps used:
D:1:      dpeg_arrival_round_b
D:2:      lemuel_coloured_pillars_altar, minmay_misc_feat_plants,
          nicolae_qazlal_general_emergency, uniq_crazy_yiuf_cottage,
          uniq_sigmund
D:3:      ashenzari_altar_1
